 Dungeon Sprint DCSS version 0.17-a0-1753-g75d4604 (webtiles) character file.

1334 KambridgeKobold the Warrior (level 8, -4/102 HPs)
             Began as a Minotaur Monk on Sept 2, 2015.
             Was the Champion of Jiyva.
             Slain by a deep troll (22 damage)
             ... in the Dungeon (Sprint I: "Red Sonja").
             The game lasted 00:10:57 (1136 turns).

KambridgeKobold the Warrior (Minotaur Monk)         Turns: 1136, Time: 00:10:57

Health: -4/102     AC:  5    Str: 16    XL:     8   Next: 34%
Magic:  7/7        EV: 16    Int:  7    God:    Jiyva [******]
Gold:   103        SH:  0    Dex: 15    Spells: 0 memorised, 7 levels left

rFire  . . .     SeeInvis +       - Unarmed
rCold  . . .     Clarity  .     l - +2 robe {MR+}
rNeg   . . .     SustAt   .     (no shield)
rPois  .         Gourm    .     (helmet restricted)
rElec  .         Spirit   .     (no cloak)
rCorr  +         Warding  .     (no gloves)
rMut   .         NoTele   +     (no boots)
MR     +....                    (no amulet)
Stlth  ++........               (no ring)
                                (no ring)

@: very slightly contaminated, hasted, very quick, somewhat resistant to hostile
enchantments, unstealthy
A: retaliatory headbutt, horns 2, see invisible, robust 1, acidic bite,
gelatinous body 1, jelly absorbing missiles
a: Request Jelly, Jelly Paralyse, Slimify, Cure Bad Mutation, Renounce Religion


You were in the Dungeon.
You worshipped Jiyva.
Jiyva was exalted by your worship.
You were completely stuffed.

You visited 1 branch You collected 205 gold pieces.
You spent 102 gold pieces at shops.

Inventory:

Armour
 l - a +2 robe of magic resistance (worn)
Scrolls
 h - a scroll of blinking
 n - a scroll of identify {unknown}
Potions
 c - a potion of curing
 g - a potion of berserk rage


   Skills:
 + Level 15.8 Fighting
 + Level 7.3 Dodging
 - Level 1.5 Stealth
 * Level 12.4 Unarmed Combat


You had 7 spell levels left.
You didn't know any spells.

Dungeon Overview and Level Annotations

Branches:
Dungeon (1/1)

Altars:
Cheibriados
Dithmenos
Elyvilon
Fedhas
Gozag
Kikubaaqudgha
Makhleb
Nemelex Xobeh
Okawaru
Qazlal
Ru
Sif Muna
Trog
Vehumet
Xom
Yredelemnul
Zin
The Shining One
Jiyva

Shops:
D %

Annotations:
D Sonja


Innate Abilities, Weirdness & Mutations

You reflexively headbutt those who attack you in melee.
You have a pair of horns on your head.
You have supernaturally acute eyesight.
You are robust (+10% HP).
You have acidic saliva.
Your rubbery body absorbs attacks (AC +1).
You have a small jelly attached to you that may absorb incoming projectiles.


Message History

There is a viscous altar of Jiyva here.
You open the door.
The demonic crawler gives a hideous shriek!
You hear a hideous shriek!
The demonic crawler hits you! The demonic crawler closely misses you.
The demonic crawler completely misses you.
The deep troll bites you but does no damage.
The deep troll closely misses you. The deep troll claws you!
* * * LOW HITPOINT WARNING * * *
Drink which item? (? for menu, Esc to quit)
You feel yourself speed up. The demonic crawler barely misses you.
The demonic crawler barely misses you. The demonic crawler hits you!
* * * LOW HITPOINT WARNING * * *
The deep troll bites you.
* * * LOW HITPOINT WARNING * * *
The deep troll barely misses you. The deep troll misses you.
You are very lightly contaminated with residual magic.
There is a snail-covered altar of Cheibriados here.
The deep troll bites you!!
You die...

##########################
#<.#..'..#..+..#__#....s.#
#..'†.#..'÷.#..@T.'s.#...##+#
#..#####'#####'#_s####...s..#
#..####..#...#.####$§#####..+
#..#__####J.##.#≈≈≈§c ##
#..#_..__##'#...≈§§§
#⌠⌠#_.∩.....KK_#≈≈≈§c#
####_..._##_.#'##.####
#_____###.#.# ... #######
#.### ###


You could see 2 demonic crawlers, a deep troll and Sonja (wandering).

Vanquished Creatures
  2 kobold demonologists (D)
  A slime creature (D)
  Sigmund (D)
  A yak (D)
  An ogre (D)
  A jelly (D)
  Ijyb (D)
8 creatures vanquished.

Vanquished Creatures (others)
  A demonic crawler (D)
  4 jellies (D)
  4 giant eyeballs (D)
  2 giant spores (D)
11 creatures vanquished.

Grand Total: 19 creatures vanquished

Notes
Turn   | Place    | Note
--------------------------------------------------------------
     0 | D        | KambridgeKobold the Minotaur Monk began the quest for the Orb.
     0 | D        | Reached XP level 1. HP: 19/19 MP: 0/0
     1 | D        | Noticed Ijyb
    11 | D        | Killed Ijyb
    11 | D        | Reached skill level 6 in Fighting
    11 | D        | Reached skill level 5 in Unarmed Combat
    11 | D        | Reached XP level 2. HP: 19/31 MP: 1/1
   129 | D        | Noticed an ogre
   136 | D        | Killed an ogre
   136 | D        | Reached skill level 10 in Fighting
   136 | D        | Reached XP level 3. HP: 10/45 MP: 2/2
   136 | D        | Reached XP level 4. HP: 11/51 MP: 3/3
   371 | D        | Noticed Sigmund
   386 | D        | Killed Sigmund
   386 | D        | Reached skill level 12 in Fighting
   386 | D        | Reached XP level 5. HP: 30/63 MP: 4/4
   386 | D        | Reached XP level 6. HP: 33/71 MP: 5/5
   573 | D        | Found a deep blue altar of Sif Muna.
   574 | D        | Noticed a jelly
   575 | D        | Found a radiant altar of Vehumet.
   582 | D        | Killed a jelly
   686 | D        | Found Anoll's Food Emporium.
   686 | D        | Found a white marble altar of Elyvilon.
   686 | D        | Found a stormy altar of Qazlal.
   686 | D        | Found a burning altar of Makhleb.
   686 | D        | Found a sacrificial altar of Ru.
   686 | D        | Found a basalt altar of Yredelemnul.
   686 | D        | Found a glowing golden altar of the Shining One.
   686 | D        | Found a sparkling altar of Nemelex Xobeh.
   686 | D        | Found a shimmering altar of Xom.
   686 | D        | Found an opulent altar of Gozag.
   686 | D        | Found an ancient bone altar of Kikubaaqudgha.
   686 | D        | Found a glowing silver altar of Zin.
   686 | D        | Noticed a yak
   687 | D        | Found an iron altar of Okawaru.
   696 | D        | Killed a yak
   696 | D        | Reached skill level 13 in Fighting
   696 | D        | Reached skill level 10 in Unarmed Combat
   697 | D        | Found a bloodstained altar of Trog.
   736 | D        | Bought a slice of pizza for 18 gold pieces
   736 | D        | Bought a beef jerky for 18 gold pieces
   736 | D        | Bought a slice of pizza for 18 gold pieces
   736 | D        | Bought a royal jelly for 24 gold pieces
   736 | D        | Bought a royal jelly for 24 gold pieces
   751 | D        | Found a snail-covered altar of Cheibriados.
   751 | D        | Found a viscous altar of Jiyva.
   751 | D        | Found a shadowy altar of Dithmenos.
   751 | D        | Found a blossoming altar of Fedhas.
   751 | D        | Noticed a slime creature
   760 | D        | Killed a slime creature
   760 | D        | Reached skill level 15 in Fighting
   760 | D        | Reached XP level 7. HP: 61/83 MP: 6/6
   885 | D        | Became a worshipper of Jiyva Jaolivaf the Shapeless
   885 | D        | Acquired Jiyva's first power
   885 | D        | Acquired Jiyva's second power
   898 | D        | Gained mutation: You have supernaturally acute eyesight. [Jiyva's grace]
   898 | D        | Acquired Jiyva's third power
   906 | D        | Acquired Jiyva's fourth power
   910 | D        | Gained mutation: Your spells are a little easier to cast, but a little less powerful. [Jiyva's grace]
   988 | D        | Lost mutation: Your spells are a little easier to cast, but a little less powerful. [Jiyva's grace]
   995 | D        | Noticed a kobold demonologist
   998 | D        | Noticed a kobold demonologist
  1001 | D        | Noticed an orange demon
  1006 | D        | Killed a kobold demonologist
  1011 | D        | Killed a kobold demonologist
  1011 | D        | Reached XP level 8. HP: 74/92 MP: 7/7
  1016 | D        | Gained mutation: You are surrounded by a mild repulsion field (EV +2). [Jiyva's grace]
  1046 | D        | Gained mutation: You are robust (+10% HP). [Jiyva's grace]
  1059 | D        | Lost mutation: You are surrounded by a mild repulsion field (EV +2). [Jiyva's grace]
  1064 | D        | Noticed a centaur warrior
  1064 | D        | Noticed a centaur warrior
  1075 | D        | Gained mutation: You have a small jelly attached to you that may absorb incoming projectiles. [Jiyva's grace]
  1079 | D        | Gained mutation: Your rubbery body absorbs attacks (AC +1). [Jiyva's grace]
  1079 | D        | Gained mutation: You have acidic saliva. [Jiyva's grace]
  1087 | D        | Noticed a demonic crawler
  1087 | D        | Noticed a demonic crawler
  1087 | D        | Noticed a demonic crawler
  1087 | D        | Noticed a demonic crawler
  1103 | D        | Killed a demonic crawler
  1116 | D        | Noticed Sonja
  1130 | D        | Noticed a deep troll
  1136 | D        | Slain by a deep troll

Vault maps used:
D:        dungeon_sprint_1

Action                   |  1- 3 |  4- 6 |  7- 9 || total
-------------------------+-------+-------+-------++-------
Melee: Unarmed           |    14 |    26 |    20 ||    60
Invok: Request Jelly     |       |       |     1 ||     1
       Slimify           |       |       |     1 ||     1
  Use: Potion            |       |       |     2 ||     2
 Stab: Sleeping          |       |     2 |       ||     2
